 Dungeon Crawl Stone Soup version 0.28-a0-1152-g9c71ebef14 (webtiles) character file.

Game seed: 9302961314571086846

27 spaghetti the Skirmisher (level 3, -1/42 HPs)
             Began as an Ogre Delver on Dec 14, 2021.
             Slain by a bullfrog (4 damage)
             ... on level 6 of the Dungeon.
             The game lasted 00:01:42 (313 turns).

spaghetti the Skirmisher (Ogre Delver)               Turns: 313, Time: 00:01:43

Health: -1/42      AC:  3    Str: 16    XL:     3   Next: 10%
Magic:  3/3        EV:  9    Int: 13    God:
Gold:   9          SH:  0    Dex: 10    Spells: 2/2 levels left

rFire   . . .      SeeInvis .   a - +0 mace {mace}
rCold   . . .      Faith    .   (no shield)
rNeg    . . .      Spirit   .   b - +0 robe
rPois   .          Reflect  .   (helmet restricted)
rElec   .          Harm     .   (no cloak)
rCorr   .          Rampage  .   (gloves unavailable)
Will    .....                   (boots unavailable)
Stlth   ++........              (no amulet)
HPRegen 0.14/turn               (no ring)
MPRegen 0.08/turn               (no ring)

@: no status effects
A: large, unfitting armour, tough skin 1
a: no special abilities


You were on level 6 of the Dungeon.
You visited 1 branch of the dungeon, and saw 3 of its levels.

You collected 9 gold pieces.


Innate Abilities, Weirdness & Mutations

You are too large for most types of armour.
You have tough skin. (AC +1)


   Skills:
 + Level 5.5 Fighting
 - Level 1.7 Maces & Flails
 - Level 1.7 Dodging
 - Level 3.7 Stealth


You had 2 spell levels left.
You didn't know any spells.
Your spell library was empty.

Inventory:

Hand Weapons
 a - a +0 mace (weapon) {mace}
Armour
 b - a +0 robe (worn)
Wands
 g - a wand of digging (3)
Scrolls
 c - a scroll of fog

Dungeon Overview and Level Annotations

Branches:
Dungeon (7/15)
 Temple: D:4-7

Altars:

Annotations:
D:6 Pikel, Prince Ribbit
D:7 Joseph

..# #. #.#
.. #.# #..##
#.# ....#
#.# #.#.#
#.#
#.#.###.#
####....##@#
........KF.+
####..K####
#.....#
#..K..#
#.....#
##o..##
#.### # #K#
.#


You could see a bullfrog and 2 kobolds.


Message History

Okay, then.
Unknown command. 😮 HP[+1]
You aren't carrying any potions.
Okay, then.
You sock the hornet zombie! The hornet zombie hits you.
* * * LOW HITPOINT WARNING * * *
😨 HP[-6]
You take 6 damage, and now have 16/42 hp.
Unknown command.
Unknown command.
The hornet zombie completely misses you. 😨 HP[+1]
A black bear comes into view.
The black bear growls angrily. 😨 HP[+1] Really walk into that teleport trap?
You enter a teleport trap!
The teleport trap disappears.
Your surroundings suddenly seem different.
Found a stone staircase leading down and a stone staircase leading up.
Unknown command.
(D) Dungeon
Where to? (Enter - D:4, ? - help)
A bullfrog comes into view.
Unknown command.
Unknown command.
Unknown command.
Unknown command.
The bullfrog croaks.
You hear a bark!
A hound comes into view.
A wyvern zombie comes into view.
There is a stone staircase leading up here.
The bullfrog hits you.
* * * LOW HITPOINT WARNING * * *
You climb upwards.
Level annotation: Pikel, Prince Ribbit The kobold shouts!
Your extra speed is starting to run out.
The kobold shouts! x4; The orc shouts!
The kobold hits you with a +0 club.
* * * LOW HITPOINT WARNING * * *
There is a stone staircase leading down here.
Unknown command.
Unknown command. 😨 HP[-3]
You take 3 damage, and now have 15/42 hp.
Unknown command.
The bullfrog closely misses you.
The kobold throws a stone.
The stone closely misses you.
The orc shouts!
The bullfrog barely misses you. The kobold barely misses you.
You feel yourself slow down.
Unknown command.
The bullfrog misses you. 😨 HP[+1] Unknown command.
You aren't carrying any potions.
Unknown command.
Unknown command.
Okay, then.
As you read the scroll of fear, it crumbles to dust.
You assume a fearsome visage.
The kobold looks frightened! x4
The orc looks frightened!
The bullfrog looks frightened!
Cornered, the bullfrog turns to fight!
The bullfrog closely misses you.
Unknown command.
The bullfrog barely misses you. The bullfrog hits you.
* * * LOW HITPOINT WARNING * * *
😨 HP[-4]
You take 4 damage, and now have 12/42 hp. 😨 HP[+1] Unknown command.
Unknown command.
The bullfrog completely misses you. The bullfrog hits you.
* * * LOW HITPOINT WARNING * * *
😱 HP[-6]
You take 6 damage, and now have 7/42 hp.
The bullfrog hits you.
* * * LOW HITPOINT WARNING * * *
😱 HP[-5]
You take 5 damage, and now have 2/42 hp.
Unknown command.
You aren't carrying any potions.
Okay, then.
Unknown command.
Unknown command.
Okay, then.
Unknown command.
You aren't carrying any potions.
Okay, then.
The bullfrog barely misses you. 😱 HP[+1]
Okay, then.
Unknown command.
You closely miss the bullfrog.
The bullfrog hits you but does no damage.
The bullfrog hits you.
You die...

Skill      XL: |  1 |
---------------+----+-----
Fighting       | 5 |  5.5
Maces & Flails | |  1.7
Dodging        | |  1.7
Stealth        | |  3.7

Action                   || total
-------------------------++-------
Melee: Mace              ||    10
  Use: Scroll            ||     3
       Potion            ||     2
Armor: Robe              ||     2
Dodge: Dodged            ||    17

Levels and vault maps discovered:
D:5:      lemuel_ice_spiral_2, layout_basic
D:6:      layout_loops_corners, minmay_circle_x, uniq_pikel,
          uniq_prince_ribbit1, uniq_grinder
D:7:      layout_cave_pools, minmay_temple_entry_overgrown, serial_shops, shop,
          uniq_maggie, uniq_joseph

Notes
Turn   | Place    | Note
-------+----------+-------------------------------------------
     0 | D:5      | spaghetti the Ogre Delver began the quest for the Orb.
     0 | D:5      | Reached XP level 1. HP: 24/24 MP: 1/1
     0 | D:5      | magus.rc [v1.9.6]
     1 | D:6      | Noticed Pikel
     1 | D:6      | Noticed a lemure
     1 | D:6      | Noticed a lemure
     1 | D:6      | Noticed a lemure
     1 | D:6      | Noticed Prince Ribbit
    60 | D:5      | Reached skill level 5 in Fighting
    60 | D:5      | Reached XP level 2. HP: 26/35 MP: 2/2
    60 | D:5      | Reached XP level 3. HP: 31/42 MP: 3/3
   189 | D:5      | Noticed a scorpion
   240 | D:7      | Noticed Joseph
   273 | D:7      | Noticed a black bear
   283 | D:7      | Noticed a bullfrog
   288 | D:6      | Noticed a kobold brigand
   288 | D:6      | Noticed a scorpion
   307 | D:6      | HP: 7/42 [bullfrog (6)]
   310 | D:6      | HP: 2/42 [bullfrog (5)]
   313 | D:6      | Slain by a bullfrog

Vanquished Creatures
  A bullfrog skeleton (D:5)
1 creature vanquished.

Table legend:
 A = Non-vault XP
 B = Vault XP
 C = Vault XP percentage of total XP
 D = Non-vault monster count
 E = Vault monster count
 F = Vault count percentage of total count
                 A         B        C        D         E       F
            +---------+---------+-------+---------+---------+-------
      Total |      39 |       0 |   0.0 |       1 |       0 |   0.0
            +---------+---------+-------+---------+---------+-------
        D:5 |      39 |       0 |   0.0 |       1 |       0 |   0.0
            +---------+---------+-------+---------+---------+-------

Illustrated notes

Table legend:
 A = Kills in this place as a percentage of kills in entire the game.
 B = Kills by you in this place as a percentage of kills by you in the entire game.
 C = Kills by friends in this place as a percentage of kills by friends in the entire game.
 D = Other kills in this place as a percentage of other kills in the entire game.
 E = Experience gained in this place as a percentage of experience gained in the entire game.
 F = Experience gained in this place divided by the number of levels of this place that you have seen.
                   A       B       C       D       E      F
               +-------+-------+-------+-------+-------+----------------------
         Total | 100.0 | 100.0 |   N/A |   N/A | 100.0 |  13.0
       Dungeon | 100.0 | 100.0 |   N/A |   N/A | 100.0 |  13.0
               +-------+-------+-------+-------+-------+----------------------

Table legend: (Time is in decaauts)
 A = Elapsed time spent in this place.
 B = Non-inter-level travel time spent in this place.
 C = Inter-level travel time spent in this place.
 D = Time resting spent in this place.
 E = Time spent auto-exploring this place.
 F = Levels seen in this place.
 G = Mean time per level.
                   A        B        C        D        E       F      G
               +--------+--------+--------+--------+--------+-----+--------+
         Total |    302 |    298 |      4 |     11 |    195 |   3 |  100.7 |
       Dungeon |    302 |    298 |      4 |     11 |    195 |   3 |  100.7 |
               +--------+--------+--------+--------+--------+-----+--------+

Top non-repeatable levels by time:
     D:5: 195 daAuts
     D:7: 62 daAuts
     D:6: 44 daAuts
